 Dungeon Crawl Stone Soup version 0.30.1-11-g7821555f0a (webtiles) character file.

Game seed: 9858144757731937320

26 Dordric the Trooper (level 2, -1/24 HPs)
             Began as a Mummy Fighter on Nov 9, 2023.
             Slain by a gnoll
             ... wielding a +0 flail
              (12 damage)
             ... on level 1 of the Dungeon.
             The game lasted 00:00:52 (1399 turns).

Dordric the Trooper (Mummy Fighter)                 Turns: 1399, Time: 00:00:52

Health: -1/24      AC:  6    Str: 19    XL:     2   Next: 89%
Magic:  2/2        EV:  9    Int:  7    God:
Gold:   21         SH:  4    Dex: 11    Spells: 1/1 levels left

rFire   x . .        a - +0 long sword
rCold   + . .        c - +0 buckler
rNeg    + + +        b - +0 scale mail
rPois   ∞            (no helmet)
rElec   .            (no cloak)
rCorr   .            (no gloves)
SInv    .            (no boots)
Will    .....        (no amulet) Stlth
                     (no ring)
HPRegen 0.24/turn    (no ring)
MPRegen 0.08/turn

%: faith
@: no status effects
A: cold resistance 1, negative energy resistance 3, torment resistance 2, heat
vulnerability 1, no potions, faith
a: no special abilities


You were on level 1 of the Dungeon.
You visited 1 branch of the dungeon, and saw 2 of its levels.

You collected 21 gold pieces.

Inventory:

Hand Weapons
 a - a +0 long sword (weapon)
Armour
 b - a +0 scale mail (worn)
 c - a +0 buckler (worn)
Scrolls
 d - 2 scrolls of identify {unknown}
 e - a scroll of vulnerability {unknown}


   Skills:
 - Level 3.0 Fighting
 + Level 2.6 Long Blades
 - Level 2.4 Armour
 - Level 2.4 Shields


You had one spell level left.
You didn't know any spells.
Your spell library contained the following spells:

 Spells                   Type           Power      Damage    Failure   Level
 Slow                     Hex            0%         N/A       87%         1
 Confusing Touch          Hex            0%         N/A       99%         3
 Vampiric Draining        Necr           0%         2d6       99%         3
 Vhi's Electric Charge    Tloc/Air       0%         N/A       99%         3
 Arcjolt                  Conj/Air       0%         1d10      100%        5
 Plasma Beam              Fire/Air       0%         2x1d11    100%        6


Dungeon Overview and Level Annotations

Branches:
Dungeon (2/15)

Altars:

Annotations:
D:1 2 transporters


Innate Abilities, Weirdness & Mutations

You are immune to poison.
Your flesh is cold resistant. (rC+)
You are immune to negative energy. (rN+++)
You are immune to unholy pain and torment.
You are vulnerable to heat. (rF-)
You do not drink.
You have a special connection with the divine. (Faith)


Message History

There is a stone staircase leading up here.
You hit the gnoll.
The gnoll is moderately wounded.
A gnoll comes into view. It is wielding a +0 whip.
The gnoll hits you with a +0 flail.
The gnoll shouts!
You hit the gnoll but do no damage.
The gnoll is moderately wounded.
You hear a shout!
A gnoll comes into view. It is wielding a +0 whip.
The gnoll hits you with a +0 flail. The gnoll barely misses you.
You hit the gnoll but do no damage.
The gnoll is moderately wounded.
The gnoll hits you with a +0 flail!
You are too injured to fight recklessly!
You are too injured to fight recklessly!
You are too injured to fight recklessly!
You are too injured to fight recklessly!
You are too injured to fight recklessly!
You are too injured to fight recklessly!
You are too injured to fight recklessly!
You are too injured to fight recklessly!
You are too injured to fight recklessly!
You are too injured to fight recklessly!
You are too injured to fight recklessly!
The gnoll closely misses you.
You climb upwards.
Level annotation: 2 transporters
There is a stone staircase leading down here.
You hit the gnoll but do no damage.
The gnoll is moderately wounded.
The gnoll barely misses you.
You hit the gnoll.
The gnoll is moderately wounded.
The gnoll misses you.
You closely miss the gnoll.
The gnoll is moderately wounded.
The gnoll barely misses you. The gnoll hits you with a +0 flail!
Ouch! That really hurt!
You die...

###..####..######.# #.#
................#.# #.#
~~.~≈≈###.#...#.#.#
#.##########
≈.≈≈≈≈≈##.#.....#.#
#..........#
.≈≈≈≈≈≈~#.#.#.###.#
#.#######.##
~.~~≈≈≈≈#.#.......# #.# #.#
...~~≈≈≈#.####..#####.# #.#
©<©.~≈≈≈~.............# #.#
.⌠.~~≈≈≈≈.......@†....#######.#
~~~≈≈≈≈≈≈......).g....#.......#
≈≈≈≈≈≈≈≈≈≈#############.#######
≈≈≈~~~~≈≈≈............#.#
≈≈≈~.⌠.~≈≈.##########.#.#
≈≈~.©>©.~≈..........#.#.#
≈≈~~...~~≈.#.########.#.#
≈≈≈~~.~~≈≈.#.#........#.#
≈≈≈≈≈≈.≈≈≈.#.#.########.#


You could see a gnoll.

Vanquished Creatures
  5 ball pythons (D:1)
  2 bats (D:1)
  An endoplasm (D:1)
  4 giant cockroaches (D:1)
  A hobgoblin (D:1)
  2 kobolds (D:1)
  A quokka (D:1)
  2 frilled lizards (D:1)
  2 goblins (D:1)
  3 rats (D:1)
23 creatures vanquished.

Notes
Turn   | Place    | Note
-------+----------+-------------------------------------------
     0 | D:1      | Dordric the Mummy Fighter began the quest for the Orb.
     0 | D:1      | Reached XP level 1. HP: 18/18 MP: 1/1
   232 | D:1      | Reached XP level 2. HP: 24/24 MP: 2/2
  1399 | D:1      | Slain by a gnoll

Illustrated notes

Levels and vault maps discovered:
D:1:      spicycebolla_arrival_transporter_tutorial, layout_basic
D:2:      layout_basic, ebering_ecumenical_altar_hall, serial_shops, shop

Skill      XL: |  1 |
---------------+----+-----
Long Blades    | 2 |  2.6
Fighting       | |  3.0
Armour         | |  2.4
Shields        | |  2.4

Action                     || total
---------------------------++-------
  Melee: Long sword        ||    85
 Armour: Scale mail        ||    48
  Dodge: Dodged            ||    46
  Block: Buckler           ||    16
